 Dungeon Crawl Stone Soup version 0.29-a0-330-g52719c12eb (webtiles) character file.

Game seed: 8617106438355516405

12 Alarak the Chopper (level 2, -2/26 HPs)
             Began as a Hill Orc Monk on Apr 21, 2022.
             Was a Follower of Ru.
             Slain by a jackal (3 damage)
             ... on level 1 of the Dungeon.
             The game lasted 00:01:14 (332 turns).

Alarak the Chopper (Hill Orc Monk)                   Turns: 332, Time: 00:01:15

Health: -2/26      AC:  2    Str: 13    XL:     2   Next: 33%
Magic:  2/2        EV: 12    Int: 10    God:    Ru [*.....]
Gold:   33         SH:  0    Dex: 13    Spells: 1/1 levels left

rFire   . . .      SeeInvis .   a - +0 hand axe
rCold   . . .      Faith    .   (no shield)
rNeg    . . .      Spirit   .   b - +0 robe
rPois   .          Reflect  .   (no helmet)
rElec   .          Harm     .   (no cloak)
rCorr   .          Rampage  .   (no gloves)
Will    .....                   (no boots)
Stlth   ++........              (no amulet)
HPRegen 0.08/turn               (no ring)
MPRegen 0.08/turn               (no ring)

@: unable to read
A: inability to read while threatened
a: Renounce Religion


You were on level 1 of the Dungeon.
You worshipped Ru.
Ru was aware of your devotion.
You visited 1 branch of the dungeon, and saw 1 of its levels.

You collected 33 gold pieces.

Inventory:

Hand Weapons
 a - a +0 hand axe (weapon)
Armour
 b - a +0 robe (worn)
Scrolls
 d - a scroll of immolation {unknown}
Potions
 c - a potion of ambrosia
 e - a potion of lignification {unknown}
 f - a potion of invisibility {unknown}


   Skills:
 - Level 3.6 Fighting
 + Level 5.0 Axes
 - Level 2.4 Dodging
 - Level 1.5 Stealth


You had one spell level left.
You didn't know any spells.
Your spell library was empty.

Dungeon Overview and Level Annotations

Branches:
Dungeon (1/15)

Altars:
Ru


Innate Abilities, Weirdness & Mutations

You sometimes lose the ability to read scrolls when taking damage.


Message History

The jackal closely misses you.
You hit the jackal.
You kill the jackal!
You hit the jackal. You hit the jackal but do no damage. The jackal bites you.
A ball python comes into view.
The jackal closely misses you.
The ball python hisses angrily.
You hit the jackal.
The jackal is moderately wounded.
You barely miss the jackal. You barely miss the ball python.
The jackal bites you.
The ball python bites you but does no damage.
The ball python grabs you. The ball python constricts you.
The jackal barely misses you. The jackal bites you.
* * * LOW HITPOINT WARNING * * *
You hit the ball python.
You kill the ball python!
You hit the jackal. x2
You kill the jackal!
The jackal bites you but does no damage.
Your Axes skill increases to level 5!
You miss the jackal.
The jackal is severely wounded.
You hit the quokka but do no damage. You hit the jackal. The quokka bites you.
You feel threatened and lose the ability to read scrolls!
* * * LOW HITPOINT WARNING * * *
The jackal closely misses you.
The jackal is stunned by your conviction and fails to attack.
The quokka closely misses you.
You closely miss the jackal.
The jackal is severely wounded.
You completely miss the quokka. You barely miss the jackal.
You can read scrolls again.
The jackal bites you.
* * * LOW HITPOINT WARNING * * *
The jackal bites you.
* * * LOW HITPOINT WARNING * * *
The jackal bites you.
You feel threatened and lose the ability to read scrolls!
You die...

...# ... ## ...# ... ##
##. ..## ....
###.###..##...## .....
.>........#...##.....
..#........#........
#.......#..#.)..#
#...###.....@#..
###..##....†.rhh......
###.......##..#.....###.
.....^.####........S...
.#####..(........###....
.###...........### #...
.....#.........# #..
.).......#.....# ..
...............?


You could see a quokka, 2 jackals and a ball python.

Vanquished Creatures
  A dart slug (D:1)
  A bat (D:1)
  An endoplasm (D:1)
  A goblin (D:1)
  2 jackals (D:1)
  A ball python (D:1)
  A frilled lizard (D:1)
  A kobold (D:1)
  A rat (D:1)
10 creatures vanquished.

Notes
Turn   | Place    | Note
-------+----------+-------------------------------------------
     0 | D:1      | Alarak the Hill Orc Monk began the quest for the Orb.
     0 | D:1      | Reached XP level 1. HP: 19/19 MP: 1/1
   126 | D:1      | Found a faded altar of an unknown god.
   156 | D:1      | Prayed at the altar of an unknown god.
   156 | D:1      | Became a worshipper of Ru the Awakened
   168 | D:1      | Gained mutation: You sometimes lose the ability to read
                  | scrolls when taking damage. [Ru sacrifice]
   168 | D:1      | Reached * piety under Ru
   324 | D:1      | Reached XP level 2. HP: 19/26 MP: 2/2
   331 | D:1      | Reached skill level 5 in Axes
   332 | D:1      | HP: 1/26 [jackal (1)]
   332 | D:1      | Slain by a jackal

Illustrated notes

Levels and vault maps discovered:
D:1:      dpeg_arrival_boxorama, layout_rooms, ebering_ecumenical_altar_mist,
          serial_park_tiny_pond, minivault_14

Skill      XL: |  1  2 |
---------------+-------+-----
Axes           | 5 |  5.0
Fighting       | |  3.6
Dodging        | |  2.4
Stealth        | |  1.5

Action                   || total
-------------------------++-------
Melee: Hand axe          ||    26
Invok: Sacrifice Words   ||     1
 Stab: Sleeping          ||     1
Armor: Robe              ||     4
Dodge: Dodged            ||    18

Table legend: (Time is in decaauts)
 A = Elapsed time spent in this place.
 B = Non-inter-level travel time spent in this place.
 C = Inter-level travel time spent in this place.
 D = Time resting spent in this place.
 E = Time spent auto-exploring this place.
 F = Levels seen in this place.
 G = Mean time per level.
                   A        B        C        D        E       F      G
               +--------+--------+--------+--------+--------+-----+--------+
         Total |    333 |    319 |     14 |      0 |    255 |   1 |  333.0 |
       Dungeon |    333 |    319 |     14 |      0 |    255 |   1 |  333.0 |
               +--------+--------+--------+--------+--------+-----+--------+

Top non-repeatable levels by time:
     D:1: 333 daAuts
